 Dungeon Crawl Stone Soup version 0.23-a0-730-g0b75920 (webtiles) character file.

132225 ohad the Brawler (level 16, 0/153 HPs)
             Began as a Troll Monk on Jan 16, 2019.
             Was the Champion of Okawaru.
             Slain by a shambling mangrove (22 damage)
             ... on level 4 of the Swamp on Jan 17, 2019.
             The game lasted 01:46:41 (25145 turns).

ohad the Brawler (Troll Monk)                      Turns: 25145, Time: 01:46:42

Health: 0/153      AC: 27    Str: 28    XL:     16   Next: 57%
Magic:  0/19       EV:  7    Int:  6    God:    Okawaru [******]
Gold:   1696       SH: 14    Dex: 21    Spells: 15/15 levels left

rFire    + + .     SeeInvis .     - Unarmed
rCold    + . .     Gourm    +   t - +1 shield {rN+}
rNeg     + + +     Faith    .   V - +1 gold dragon scales
rPois    +         Spirit   +   J - +2 hat of Zopsuoch {Str+3}
rElec    .         Reflect  .   a - +2 cloak {MR+}
rCorr    .         Harm     .   (gloves unavailable)
MR       ++...                  (boots unavailable)
Stlth    ..........             Q - amulet of guardian spirit
HPRegen  0.75/turn              B - ring "Voplecoi" {rF+ rN+++ Str-3 Dex+4 Stlth+}
MPRegen  0.16/turn              W - +5 ring of strength

@: grasped by roots, constricted
A: large, unfitting armour, claws 3, fast metabolism 3, gourmand, regeneration
1, shaggy fur 1, tough skin 2
a: Heroism, Finesse, Renounce Religion


You were on level 4 of the Swamp.
You worshipped Okawaru.
Okawaru was exalted by your worship.
You were very full.

You visited 3 branches of the dungeon, and saw 25 of its levels.
You also visited: Sewer.

You collected 1696 gold pieces.

Inventory:

Hand Weapons
 v - a +1 giant club
 N - a +4 flail of draining
 R - a +3 eveningstar of distortion
Missiles
 y - 18 large rocks (quivered)
 D - 3 throwing nets
 S - 5 poisoned javelins
Armour
 a - a +2 cloak of magic resistance (worn)
 j - the +3 troll leather armour of the Were-rabbit {Regen+ SInv}
   (Okawaru gifted it to you on level 3 of the Swamp)

   It lets you see invisible.
   It increases your rate of regeneration.
 t - a +1 shield of positive energy (worn)
 J - the +2 hat of Zopsuoch (worn) {Str+3}
   (Okawaru gifted it to you on level 8 of the Dungeon)

   It affects your strength (+3).
 V - +1 gold dragon scales (worn)
 Y - +1 fire dragon scales
Jewellery
 d - an uncursed ring of positive energy
 p - an uncursed ring of flight
 x - an uncursed ring of fire
 B - the ring "Voplecoi" (left claw) {rF+ rN+++ Str-3 Dex+4 Stlth+}
   (You acquired it on level 1 of the Swamp)

   [ring of protection from fire]

   It affects your strength (-3).
   It affects your dexterity (+4).
   It protects you from fire.
   It renders you almost immune to negative energy.
   It makes you more stealthy.
 I - an uncursed ring of protection from fire
 Q - an amulet of guardian spirit (around neck)
 U - an uncursed ring of stealth
 W - a +5 ring of strength (right claw)
Wands
 c - a wand of polymorph (11)
 e - a wand of iceblast (16)
 n - a wand of acid (18)
 s - a wand of digging (14)
Scrolls
 g - 6 scrolls of teleportation
 h - 7 scrolls of remove curse
 i - 4 scrolls of magic mapping
 k - a scroll of fog
 o - 2 scrolls of fear
 A - a scroll of summoning
 C - a scroll of silence
 F - 2 scrolls of immolation
 H - 4 scrolls of identify
 K - 2 scrolls of blinking
 T - a scroll of vulnerability
 Z - a scroll of enchant weapon
Potions
 f - 4 potions of flight
 l - a potion of brilliance
 m - 2 potions of haste
 q - 12 potions of curing
 u - 3 potions of mutation
 w - 2 potions of resistance
 z - 4 potions of agility
 E - 3 potions of invisibility
 G - 5 potions of heal wounds
 L - 2 potions of cancellation
 M - a potion of ambrosia
 P - a potion of berserk rage
 X - 3 potions of might
Miscellaneous
 O - a phial of floods
Comestibles
 b - 39 rations


   Skills:
 - Level 8.3 Fighting
 - Level 4.9 Throwing
 - Level 10.2 Armour
 + Level 11.9 Dodging
 - Level 1.0 Stealth
 - Level 10.0 Shields
 - Level 17.0 Unarmed Combat
 - Level 6.0 Invocations


You had 15 spell levels left.
You didn't know any spells.
Your spell library contained the following spells:

 Spells                   Type           Power        Failure   Level  Hunger
 Confusing Touch          Hex            #.....       100%        1    ##.....
 Corona                   Hex            #......      100%        1    ##.....
 Freeze                   Ice            #...         100%        1    ##.....
 Magic Dart               Conj           #...         100%        1    ##.....
 Shock                    Conj/Air       #...         100%        1    ##.....
 Blink                    Tloc           N/A          100%        2    ###....
 Call Imp                 Summ           #.......     100%        2    ###....
 Ensorcelled Hibernation  Hex/Ice        #.....       100%        2    ###....
 Shroud of Golubria       Chrm/Tloc      #.........   100%        2    ###....
 Slow                     Hex            #.......     100%        2    ###....
 Swiftness                Chrm/Air       #.......     100%        2    ###....
 Throw Frost              Conj/Ice       #.....       100%        2    ###....
 Confuse                  Hex            #.......     100%        3    ####...
 Conjure Flame            Conj/Fire      #.......     100%        3    ####...
 Dazzling Spray           Conj/Hex       #.....       100%        3    ####...
 Gell's Gravitas          Tloc           #.........   100%        3    ####...
 Lesser Beckoning         Tloc           #.........   100%        3    ####...
 Mephitic Cloud           Conj/Pois/Air  #.......     100%        3    ####...
 Ozocubu's Armour         Chrm/Ice       #.......     100%        3    ####...
 Static Discharge         Conj/Air       #.......     100%        3    ####...
 Teleport Other           Tloc           #.......     100%        3    ####...
 Tukima's Dance           Hex            #.......     100%        3    ####...
 Airstrike                Air            #.........   100%        4    #####..
 Passage of Golubria      Tloc           N/A          100%        4    #####..
 Petrify                  Tmut/Erth      #.......     100%        4    #####..
 Summon Ice Beast         Ice/Summ       #.......     100%        4    #####..
 Throw Icicle             Conj/Ice       #.......     100%        4    #####..
 Lightning Bolt           Conj/Air       #.........   100%        5    ######.
 Metabolic Englaciation   Hex/Ice        #.........   100%        5    ######.
 Yara's Violent Unravell  Hex/Tmut       #.........   100%        5    ######.


Dungeon Overview and Level Annotations

Branches:
Dungeon (15/15)            Temple (0/1) D:5            Lair (6/6) D:10
  Swamp (4/4) Lair:3       Spider (0/4) Lair:4        Slime (0/5) Lair:6
    Orc (0/2) D:10         Vaults (0/5) D:13         Depths (0/5) D:15

Altars:
Ashenzari
Cheibriados
Fedhas
Gozag
Hepliaklqana
Kikubaaqudgha
Makhleb
Nemelex Xobeh
Okawaru
Qazlal
Trog
Vehumet
Wu Jian
Xom
Yredelemnul
Zin

Shops:
D:6 *   D:10 =(:

Annotations:
D:7 2 transporters, Setanta's ghost, novice OpEE


Innate Abilities, Weirdness & Mutations

You are too large for most types of armour.
You have claws for hands.
Your metabolism is lightning-fast.
You like to eat raw meat.
Your natural rate of healing is unusually fast.
You are covered in fur. (AC +1)
You have very tough skin. (AC +2)


Message History

* * * LOW HITPOINT WARNING * * *
The grasping roots constrict you. The 13-headed hydra bites you!
* * * LOW HITPOINT WARNING * * *
The 13-headed hydra bites you but does no damage.
You block the 13-headed hydra's attack. The 13-headed hydra bites you.
The 13-headed hydra bites you but does no damage.
You block the 13-headed hydra's attack. The 13-headed hydra bites you.
* * * LOW HITPOINT WARNING * * *
The 13-headed hydra bites you!
* * * LOW HITPOINT WARNING * * *
The 13-headed hydra barely misses you.
The 13-headed hydra bites you but does no damage.
The 13-headed hydra bites you.
* * * LOW HITPOINT WARNING * * *
The 13-headed hydra closely misses you.
The 13-headed hydra bites you but does no damage.
Unknown command.
As you read the scroll of magic mapping, it crumbles to dust.
You feel aware of your surroundings. The shambling mangrove hits you!!
You die...

..♣♣
*,≈*,,≈≈,≈≈,****≈.≈≈≈≈≈≈*
≈≈.♣ *,≈≈,≈≈≈,,≈,*
*≈≈≈≈≈,≈*** ≈≈♣♣
**≈≈,***≈,****♣.≈≈≈≈,**
§..♣ ***** **,* *,.≈≈≈≈,**
.♣♣♣*** *** *.≈≈≈≈,,≈*
♣♣*≈,≈***♣** ♣♣♣≈.≈≈≈≈≈**
♣**,,,≈*,♣.♣♣♣♣♣y)♣≈,≈≈≈,*
≈♣***,≈≈,§≈...≈fD♣**≈,,,≈*
≈.≈**,≈≈≈..♣♣..D@♣ **≈,,**
≈...≈≈≈≈≈,≈♣♣..≈♣♣ *,≈≈≈≈*
..≈.≈≈≈≈,,*♣.≈.♣†♣♣♣,≈≈,**
♣≈.≈≈≈♣♣♣**♣♣♣♣≈.÷.♣*,,≈*
*♣≈≈≈*♣≈≈≈≈*♣♣♣♣≈≈.♣♣♣♣**
**≈**≈≈≈≈≈♣♣.≈÷≈≈≈≈≈.♣
♣♣****♣≈≈≈≈≈≈.≈≈≈≈†≈≈♣♣
§♣♣♣♣ ♣♣≈≈≈♣♣..≈≈<÷.♣♣
.≈.≈♣♣♣≈≈≈♣♣.≈.♣♣..♣♣


You could see a shambling mangrove, a 13-headed hydra, a five-headed hydra and a
hornet.

Vanquished Creatures
  A thorn hunter (Swamp:3)
  A very ugly thing (Swamp:2)
  Snorg (Lair:3)
  An ettin (D:15)
  A fire dragon (Lair:1)
  3 shambling mangroves
  18 hydras
  4 ghost crabs
  2 centaur warriors (D:13)
  A merfolk avatar (Lair:6)
  12 two-headed ogres
  19 alligators
  4 ogre magi (D:15)
  The ghost of cirnu the Nimble, a novice DsCK of Gozag (D:10)
  2 tengu warriors
  Urug (D:10)
  A spriggan berserker (Swamp:4)
  Sonja (Lair:2)
  4 skeletal warriors (D:12)
  2 spriggan druids (Swamp:2)
  6 swamp dragons
  A deep troll (D:15)
  A wizard (D:14)
  2 unseen horrors (D:12)
  10 ugly things
  A lindwurm (Lair:6)
  A harpy (Lair:6)
  An orb spider (shapeshifter) (D:13)
  4 cyclopes
  3 oklob plants
  9 elephants (Lair:6)
  A molten gargoyle (Lair:1)
  A black mamba (shapeshifter) (D:13)
  Joseph (D:8)
  7 black mambas
  Maurice (D:8)
  2 gargoyles (D:13)
  A torpor snail (Lair:5)
  23 spiny frogs
  6 centaur skeletons
  11 komodo dragons
  6 rime drakes
  A freezing wraith (D:15)
  A merfolk (D:9)
  7 trolls
  A jumping spider (Lair:4)
  5 polar bears
  A wind drake (Lair:6)
  11 tyrant leeches
  3 meliai
  A tengu conjurer (D:12)
  9 bog bodies
  23 blink frogs
  7 hornets
  6 slime creatures
  4 dream sheep (Lair:6)
  9 hippogriffs
  A tarantella (shapeshifter) (D:13)
  3 spriggans
  3 shadows
  A redback (Lair:4)
  4 wyverns
  3 hungry ghosts
  47 yaks
  2 basilisks
  2 steam dragons
  Grum (D:10)
  20 vampire mosquitoes
  14 water moccasins
  A soldier ant (shapeshifter) (D:13)
  2 acid dragons
  8 insubstantial wisps
  Edmund (D:5)
  17 swamp worms
  4 porcupines
  4 sky beasts
  13 swamp drakes
  18 orc warriors
  A hornet zombie (D:10)
  2 eyes of draining (D:6)
  A black bear (D:10)
  4 ice beasts
  5 phantoms
  9 ogres
  5 wolves
  7 centaurs
  4 big kobolds
  14 crocodiles
  16 bullfrogs
  8 scorpions
  12 killer bees
  4 wights (D:11)
  A howler monkey (D:10)
  2 centaur zombies (D:11)
  A lava snake (Lair:1)
  3 bullfrog zombies
  4 crimson imps
  3 jellies
  20 orc priests
  Crazy Yiuf (D:2)
  3 hounds
  16 orc wizards
  4 bullfrog skeletons
  Ijyb (D:5)
  3 iguanas
  19 worker ants
  3 hound zombies
  A hound skeleton (D:8)
  15 gnolls
  A howler monkey skeleton (D:2)
  18 adders
  2 shadow imps
  12 white imps (D:14)
  5 oozes
  An adder zombie (D:8)
  4 worms
  3 dart slugs
  13 leopard geckos
  88 orcs
  3 ball pythons
  15 giant cockroaches
  10 goblins
  6 hobgoblins
  14 jackals
  6 quokkas
  5 bats
  6 frilled lizards
  17 kobolds
  A quokka skeleton (D:8)
  A quokka zombie (D:5)
  7 rats
867 creatures vanquished.

Vanquished Creatures (others)
  An alligator (Swamp:4)
  2 insubstantial wisps (Swamp:3)
  A swamp worm (Swamp:4)
  A hound (D:4)
  An orc wizard (D:6)
  An adder (D:4)
  27 fungi (Lair:6)
  40 plants
74 creatures vanquished.

Grand Total: 941 creatures vanquished

Notes
Turn   | Place    | Note
-------+----------+-------------------------------------------
     0 | D:1      | ohad the Troll Monk began the quest for the Orb.
     0 | D:1      | Reached XP level 1. HP: 22/22 MP: 0/0
   363 | D:1      | Reached XP level 2. HP: 26/29 MP: 1/1
   515 | D:1      | Reached skill level 4 in Unarmed Combat
   652 | D:2      | Reached XP level 3. HP: 36/36 MP: 2/2
   679 | D:2      | Noticed a sky beast
   686 | D:2      | Killed a sky beast
   686 | D:2      | Reached skill level 5 in Unarmed Combat
   686 | D:2      | Reached XP level 4. HP: 44/44 MP: 3/3
   686 | D:2      | Reached XP level 5. HP: 50/50 MP: 4/4
   733 | D:2      | Found a basalt altar of Yredelemnul.
   819 | D:2      | Reached skill level 6 in Unarmed Combat
  1224 | D:2      | Found a runed door.
  1228 | D:2      | Noticed Crazy Yiuf
  1231 | D:2      | Killed Crazy Yiuf
  1378 | D:3      | Found an iron altar of Okawaru.
  1386 | D:3      | Became a worshipper of Warmaster Okawaru
  1386 | D:3      | Reached * piety under Okawaru
  1386 | D:3      | Reached ** piety under Okawaru
  1467 | D:3      | Found a glowing drain.
  1503 | D:3      | Reached skill level 1 in Invocations
  1514 | D:3      | Reached XP level 6. HP: 47/59 MP: 5/5
  1527 | Sewer    | Entered a sewer
  1989 | D:3      | Found a radiant altar of Vehumet.
  2359 | D:4      | Reached skill level 7 in Unarmed Combat
  2474 | D:4      | Reached skill level 1 in Shields
  2589 | D:4      | Reached XP level 7. HP: 66/66 MP: 7/7
  2681 | D:4      | Found a stormy altar of Qazlal.
  2689 | D:4      | Found a blossoming altar of Fedhas.
  2709 | D:4      | Reached *** piety under Okawaru
  2882 | D:4      | Found a shimmering altar of Xom.
  3004 | D:5      | Entered Level 5 of the Dungeon
  3027 | D:5      | Noticed Ijyb
  3068 | D:5      | Killed Ijyb
  3113 | D:5      | Noticed Edmund
  3131 | D:5      | Killed Edmund
  3207 | D:5      | Reached XP level 8. HP: 64/74 MP: 8/8
  3290 | D:5      | Reached skill level 5 in Shields
  3593 | D:5      | Found a staircase to the Ecumenical Temple.
  3724 | D:6      | Reached **** piety under Okawaru
  3914 | D:6      | Found a hazy altar of Hepliaklqana.
  4050 | D:6      | Found Wolorunt's General Store.
  4312 | D:6      | Noticed a hippogriff
  4318 | D:6      | Killed a hippogriff
  4318 | D:6      | Reached XP level 9. HP: 47/80 MP: 6/9
  4676 | D:6      | Found a bloodstained altar of Trog.
  4974 | D:7      | Found a transporter.
  4975 | D:7      | Found a transporter.
  4984 | D:7      | Noticed Setanta's ghost (novice OpEE)
  5442 | D:7      | Reached ***** piety under Okawaru
  5724 | D:8      | Noticed Joseph
  5735 | D:8      | Killed Joseph
  5735 | D:8      | Received a gift from Okawaru
  5736 | D:8      | Got a twisted hat {god gift}
  5742 | D:8      | Identified the +2 hat of Zopsuoch {Str+3} (Okawaru gifted
                  | it to you on level 8 of the Dungeon)
  5785 | D:8      | Found a burning altar of Makhleb.
  5825 | D:8      | Found an ornate altar of the Wu Jian Council.
  5839 | D:8      | Noticed a two-headed ogre
  5853 | D:8      | Killed a two-headed ogre
  5853 | D:8      | Reached XP level 10. HP: 44/88 MP: 7/10
  5951 | D:8      | Found a shimmering altar of Xom.
  5956 | D:8      | Noticed an angel
  5964 | D:8      | You fall through a shaft!
  6069 | D:8      | Reached skill level 5 in Dodging
  6157 | D:8      | Found a glowing silver altar of Zin.
  6469 | D:8      | Noticed Maurice
  6482 | D:8      | Killed Maurice
  6482 | D:8      | Reached skill level 10 in Shields
  6721 | D:9      | Found a shattered altar of Ashenzari.
  6874 | D:9      | Found a sparkling altar of Nemelex Xobeh.
  6874 | D:9      | Found an ancient bone altar of Kikubaaqudgha.
  7014 | D:9      | Reached skill level 8 in Unarmed Combat
  7409 | D:9      | Upgraded the game from 0.23-a0-726-g9fa1570 to
                  | 0.23-a0-730-g0b75920
  7410 | D:10     | Entered Level 10 of the Dungeon
  7607 | D:10     | Reached skill level 9 in Unarmed Combat
  7639 | D:10     | Found a staircase to the Orcish Mines.
  7692 | D:10     | Found a staircase to the Lair.
  7818 | D:10     | Noticed Urug
  7825 | D:10     | Killed Urug
  7910 | D:10     | Reached XP level 11. HP: 94/94 MP: 11/11
  7931 | D:10     | Found Rekuez's Jewellery Emporium.
  8086 | D:10     | Found Cuxeuck's Antique Weapon Shoppe.
  8109 | D:10     | Noticed Grum
  8110 | D:10     | Found a runed door.
  8110 | D:10     | Noticed cirnu's ghost (novice DsCK)
  8117 | D:10     | Killed Grum
  8119 | D:10     | Found Jeotsi's Book Shop.
  8216 | D:10     | Killed cirnu's ghost
  8216 | D:10     | Reached skill level 5 in Armour
  8948 | D:11     | Noticed a two-headed ogre
  8955 | D:11     | Killed a two-headed ogre
  8955 | D:11     | Reached ****** piety under Okawaru
  8982 | D:11     | Paralysed by a hornet for 2 turns
  9117 | D:11     | Reached skill level 5 in Fighting
  9117 | D:11     | Noticed a four-headed hydra
  9132 | D:11     | Killed a 12-headed hydra
  9454 | D:11     | Reached skill level 1 in Throwing
  9635 | D:12     | Found a runed door.
  9645 | D:12     | Found a runed door.
  9678 | D:12     | Received a gift from Okawaru
  9848 | D:12     | Noticed a tengu warrior
 10023 | D:11     | Killed a tengu warrior
 10023 | D:11     | Reached XP level 12. HP: 108/115 MP: 9/12
 10197 | D:12     | Reached skill level 10 in Unarmed Combat
 10292 | D:12     | Reached skill level 11 in Unarmed Combat
 10608 | D:12     | Found a snail-covered altar of Cheibriados.
 10921 | Lair:1   | Entered Level 1 of the Lair of Beasts
 11010 | Lair:1   | Reached skill level 12 in Unarmed Combat
 11282 | Lair:1   | Noticed a fire dragon
 11350 | Lair:1   | Killed a fire dragon
 11350 | Lair:1   | Received a gift from Okawaru
 12110 | Lair:2   | Received a gift from Okawaru
 12203 | Lair:2   | Noticed Sonja
 12648 | Lair:2   | Killed Sonja
 12863 | Lair:2   | Reached XP level 13. HP: 115/122 MP: 13/13
 12968 | Lair:2   | Reached skill level 13 in Unarmed Combat
 13164 | Lair:3   | Noticed Snorg
 13174 | Lair:3   | Killed Snorg
 13273 | Lair:3   | Received a gift from Okawaru
 13403 | Lair:3   | Found a staircase to the Swamp.
 14184 | Lair:4   | Reached skill level 14 in Unarmed Combat
 14585 | Lair:4   | Found a hole to the Spider Nest.
 15168 | Lair:5   | Reached skill level 15 in Unarmed Combat
 15573 | Lair:6   | Entered Level 6 of the Lair of Beasts
 15914 | Lair:6   | Received a gift from Okawaru
 15948 | Lair:6   | Received a gift from Okawaru
 15955 | Lair:6   | Reached skill level 16 in Unarmed Combat
 15978 | Lair:6   | Reached XP level 14. HP: 93/131 MP: 14/14
 16605 | Lair:6   | Reached skill level 17 in Unarmed Combat
 17139 | Lair:6   | Found a staircase to the Slime Pits.
 17811 | D:13     | Received a gift from Okawaru
 17812 | D:13     | Found the +3 sling "Punk" {acid, rCorr}
 17965 | D:13     | Found a gate to the Vaults.
 19056 | D:14     | Found a frozen archway.
 19106 | D:14     | Found an opulent altar of Gozag.
 19402 | D:15     | Entered Level 15 of the Dungeon
 19857 | D:14     | Received a gift from Okawaru
 19910 | D:15     | Reached XP level 15. HP: 129/140 MP: 12/15
 19990 | D:15     | Found a staircase to the Depths.
 20614 | D:15     | Received a gift from Okawaru
 20951 | Swamp:1  | Entered Level 1 of the Swamp
 20972 | Swamp:1  | Reached skill level 5 in Invocations
 20979 | Swamp:1  | Identified a scroll of acquirement
 20984 | Swamp:1  | Got a wavering copper ring
 20986 | Swamp:1  | Identified the ring "Voplecoi" {rF+ rN+++ Str-3 Dex+4
                  | Stlth+} (You acquired it on level 1 of the Swamp)
 22689 | Swamp:2  | Received a gift from Okawaru
 22926 | Swamp:3  | Reached skill level 10 in Armour
 23313 | Swamp:3  | Reached XP level 16. HP: 107/153 MP: 11/19
 23946 | Swamp:4  | Entered Level 4 of the Swamp
 23990 | Swamp:4  | Reached skill level 10 in Dodging
 24553 | Swamp:3  | Received a gift from Okawaru
 24639 | Swamp:4  | Noticed a thorn hunter
 24656 | Swamp:3  | Got an encrusted troll leather armour {god gift}
 24667 | Swamp:3  | Identified the +3 troll leather armour of the Were-rabbit
                  | {Regen+ SInv} (Okawaru gifted it to you on level 3 of the
                  | Swamp)
 24731 | Swamp:3  | Killed a thorn hunter
 25145 | Swamp:4  | Slain by a shambling mangrove

Vault maps used:
D:1:      lordsloth_arrival_two_stooges
D:2:      lemuel_round_altar, minmay_quantized, uniq_crazy_yiuf_cottage
D:3:      minmay_angry_zag, okawaru_ov_weapons_minmay,
          lemuel_coloured_pillars_altar, portal_sewer_entry_c, first_ration,
          kennysheep_generic_room_12
D:4:      grunt_temple_overflow_forces_of_nature,
          chequers_serial_rivers_small_3, xom_confusion_cloud
D:5:      minmay_temple_entry_drinking_statues, uniq_ijyb, uniq_edmund
D:6:      old_standard_altar, trog_eyes_of_draining, serial_shops, shop_statue
D:7:      gammafunk_ghost_gnarly_gnolls
D:8:      grunt_temple_overflow_order_and_chaos_1, kennysheep_little_box,
          kennysheep_mini, uniq_joseph, uniq_maurice
D:9:      kennysheep_mini_moat, amethyst_overflow_temple_binary,
          hangedman_fish_farm, hex_tiny, minmay_misc_feat_enclosed
D:10:     david_lair_shrubbed, erik_orc_4, ebering_ghost_reflecting_pool,
          serial_shops, nicolae_shop_overgrown_old_shop, nicolae_shop_stone,
          nicolae_shop_stone, uniq_grum, uniq_urug
D:12:     lemuel_insect_pit, basic_altar
D:13:     david_vaults_2, minmay_misc_feat_chi
D:14:     minivault_26, portal_ice_cave_entry_imps, lemuel_oklob_altar
D:15:     hangedman_depths_entry_civil_slaughter, minmay_misc_feat_five
Lair:1:   dragon1_lemuel, grunt_megastairs_4
Lair:2:   hangedman_lair_unloving_vines, grunt_megastairs_5, uniq_sonja
Lair:3:   minmay_swamp_entry_reptiles, st_stairs_7, minivault_11,
          lemuel_fruit_fields, uniq_snorg
Lair:4:   spider_nest_entry_funnel_web, st_stairs_10, serial_bayou_shore_b
Lair:5:   minmay_holes, grunt_megastairs_3
Lair:6:   gammafunk_lair_ancient_temple, minmay_slime_entry_oklob_enclosed,
          serial_bayou_pond_e, chequers_serial_rivers_marsh
Swamp:1:  evilmike_swamp_ruin_house_5
Swamp:2:  evilmike_swamp_ruin_rubble_1, swamp_pool4
Swamp:3:  evilmike_swamp_ruin_rubble_2, swamp_pool1
Swamp:4:  swamp_basic_johnstein, swamp_pool4
Sewer:    sewer_frog_island_01

Skill      XL: |  1  2  3  4  5  6  7  8  9 10 11 12 13 14 15 16 |
---------------+-------------------------------------------------+-----
Unarmed Combat | 4 5 6 7 9 12 16 17 | 17.0
Invocations    | 1 2 6 |  6.0
Shields        | 2 4 7 9 10 | 10.0
Dodging        | 4 5 9 11 | 11.9
Armour         | 3 5 7 10 | 10.2
Fighting       | 6 7 8 |  8.3
Throwing       | 4 |  4.9
Stealth        | |  1.0

Action                   |  1- 3 |  4- 6 |  7- 9 | 10-12 | 13-15 | 16-18 || total
-------------------------+-------+-------+-------+-------+-------+-------++-------
Melee: Unarmed           |    57 |   175 |   386 |   772 |  1421 |   327 ||  3138
       Punch             |     1 |     2 |       |       |       |       ||     3
Throw: Javelin           |       |       |       |     2 |     2 |       ||     4
       Large rock        |       |       |       |     3 |    13 |    22 ||    38
Invok: Heroism           |       |       |     2 |    14 |    14 |     3 ||    33
  Use: Scroll            |       |       |     6 |    15 |    23 |     1 ||    45
       Potion            |       |       |       |     3 |       |       ||     3
 Stab: Sleeping          |     6 |    18 |    19 |     8 |     4 |       ||    55
       Distracted        |       |     1 |       |     1 |     2 |       ||     4
       Confused          |       |       |       |       |     4 |       ||     4
  Eat: Chunk             |    12 |    18 |    30 |    64 |   102 |    15 ||   241
       Ration            |       |       |       |       |       |     1 ||     1
Armor: Robe              |    15 |    37 |    55 |    19 |       |       ||   126
       Troll leather arm |       |       |       |   137 |       |       ||   137
       Fire dragon scale |       |       |       |    25 |   307 |       ||   332
       Gold dragon scale |       |       |       |       |   244 |   384 ||   628
Dodge: Dodged            |    21 |    58 |   126 |   264 |   451 |   229 ||  1149
Block: Shield            |       |    13 |   166 |   494 |   899 |   376 ||  1948

Table legend:
 A = Non-vault XP
 B = Vault XP
 C = Vault XP percentage of total XP
 D = Non-vault monster count
 E = Vault monster count
 F = Vault count percentage of total count
                 A         B        C        D         E       F
            +---------+---------+-------+---------+---------+-------
      Total |  143758 |   45135 |  23.9 |     664 |     206 |  23.7
            +---------+---------+-------+---------+---------+-------
        D:1 |      29 |       0 |   0.0 |      15 |       0 |   0.0
        D:2 |     234 |      51 |  17.9 |      18 |       4 |  18.2
        D:3 |      78 |      62 |  44.3 |      22 |      15 |  40.5
        D:4 |     669 |       5 |   0.7 |      18 |       1 |   5.3
        D:5 |     418 |     196 |  31.9 |      25 |       2 |   7.4
        D:6 |    1169 |     487 |  29.4 |      30 |       4 |  11.8
        D:7 |     737 |       0 |   0.0 |      31 |       0 |   0.0
        D:8 |    1435 |     884 |  38.1 |      16 |       2 |  11.1
        D:9 |    1300 |     509 |  28.1 |      26 |       8 |  23.5
       D:10 |    2456 |    2852 |  53.7 |      31 |      16 |  34.0
       D:11 |    6807 |       0 |   0.0 |      38 |       0 |   0.0
       D:12 |    7412 |     443 |   5.6 |      33 |      14 |  29.8
       D:13 |    7662 |     988 |  11.4 |      34 |       3 |   8.1
       D:14 |    9040 |    1973 |  17.9 |      27 |      40 |  59.7
       D:15 |    8992 |    5528 |  38.1 |      26 |       6 |  18.8
     Lair:1 |    2600 |    1877 |  41.9 |      16 |       3 |  15.8
     Lair:2 |    4239 |    2167 |  33.8 |      19 |       5 |  20.8
     Lair:3 |    3650 |    1896 |  34.2 |      18 |       6 |  25.0
     Lair:4 |    6286 |     669 |   9.6 |      30 |       3 |   9.1
     Lair:5 |    4057 |    1336 |  24.8 |      15 |       6 |  28.6
     Lair:6 |   14964 |    9827 |  39.6 |      48 |      27 |  36.0
    Swamp:1 |   14453 |       0 |   0.0 |      33 |       0 |   0.0
    Swamp:2 |   15988 |       0 |   0.0 |      31 |       0 |   0.0
    Swamp:3 |   17698 |    4965 |  21.9 |      36 |       6 |  14.3
    Swamp:4 |   11385 |    8290 |  42.1 |      28 |      16 |  36.4
      Sewer |       0 |     130 | 100.0 |       0 |      19 | 100.0
            +---------+---------+-------+---------+---------+-------
